 Dungeon Crawl Stone Soup version 0.31-a0-1-g4198be8af4 (webtiles) character file.

Game seed: 18332293035239838946

3283 Kaboulah the Fighter (level 10, 0/119 HPs)
             Began as an Ogre Berserker on Apr 29, 2023.
             Was a Priest of Trog.
             Shot with an arrow by a centaur warrior (22 damage)
             ... on level 9 of the Dungeon on Apr 30, 2023.
             The game lasted 01:30:46 (7772 turns).

Kaboulah the Fighter (Ogre Berserker)               Turns: 7772, Time: 01:30:47

Health: 0/119      AC:  9    Str: 25    XL:     10   Next: 0%
Magic:  10/10      EV: 13    Int:  8    God:    Trog [***...]
Gold:   432        SH:  0    Dex: 16    Spells: 9/9 levels left

rFire   . . .        j - +3 quarterstaff (flame)
rCold   . . .        (shield currently unavailable)
rNeg    . . .        E - +2 robe {Will+}
rPois   .            x - +2 hat
rElec   .            k - +1 cloak {Stlth+}
rCorr   .            (gloves unavailable)
SInv    +            (boots unavailable)
Will    ++...        (no amulet)
Stlth   ++           g - +6 ring of dexterity
HPRegen 0.39/turn    h - ring of see invisible
MPRegen 0.12/turn

%: no passive effects
@: on berserk cooldown, slowed, very slow
A: large, unfitting armour, tough skin 1
a: Renounce Religion, Berserk, Trog's Hand


You were on level 9 of the Dungeon.
You worshipped Trog.
Trog was most pleased with you.
You visited 2 branches of the dungeon, and saw 10 of its levels.

You collected 432 gold pieces.

Inventory:

Hand Weapons
 j - a +3 quarterstaff of flaming (weapon)
 r - a +0 lajatang
 v - a +0 giant club
 C - a +3 hand axe of freezing
Missiles
 m - 6 boomerangs (quivered)
Armour
 k - a +1 cloak of stealth (worn)
 x - a +2 hat (worn)
 E - a +2 robe of willpower (worn)
Jewellery
 g - a +6 ring of dexterity (left hand)
 h - a ring of see invisible (right hand)
Wands
 q - a wand of iceblast (12)
 s - a wand of charming (11)
Scrolls
 a - 3 scrolls of identify
 c - a scroll of enchant weapon
 i - a scroll of enchant armour
 l - a scroll of fog {unknown}
 n - a scroll of teleportation {unknown}
 p - a scroll of noise {unknown}
 w - a scroll of fear
 y - a scroll of brand weapon
Potions
 d - a potion of might
 e - 2 potions of attraction {unknown}
 f - a potion of invisibility
 o - a potion of degeneration {unknown}
 t - a potion of lignification
 u - a potion of brilliance {unknown}
 z - 3 potions of heal wounds {unknown}
 A - a potion of curing {unknown}
 B - 2 potions of resistance {unknown}
 D - a potion of haste {unknown}


   Skills:
 * Level 13.0 Fighting
 - Level 3.9(5.7) Polearms
 + Level 6.4(6.9) Staves
 + Level 6.8 Dodging


You had 9 spell levels left.
You didn't know any spells.
Your spell library was empty.

Dungeon Overview and Level Annotations

Branches:
Dungeon (9/15)             Temple (1/1) D:7
   Lair: D:8-11         Orc: D:9-12

Altars:
Dithmenos
Hepliaklqana
Kikubaaqudgha
Makhleb
Nemelex Xobeh
Qazlal
Sif Muna
Uskayaw
Wu Jian
Xom
Zin
The Shining One

Shops:
D:8 [

Annotations:
D:2 Sigmund
D:8 Gastronok


Innate Abilities, Weirdness & Mutations

You are too large for most types of armour.
You have tough skin. (AC +1)


Message History

You sock the wyvern! You burn the wyvern.
You kill the wyvern!
Trog accepts your kill.
You are no longer berserk.
You are exhausted.
You feel as though you will be slow longer.
You feel sick.
You are no longer poisoned.
The centaur warrior wields a +0 shortbow.
The centaur warrior shoots an arrow.
The arrow hits you!
Your life force feels restored.
Your Fighting skill increases to level 13!
You have reached level 10!
You barely miss the centaur warrior.
The centaur warrior unwields a +0 shortbow.
The centaur warrior barely misses you.
The centaur warrior kicks you but does no damage.
The centaur warrior barely misses you. x2
You barely miss the centaur warrior. The centaur warrior hits you.
The centaur warrior kicks you but does no damage.
A centaur comes into view.
The centaur warrior hits you.
The centaur warrior kicks you but does no damage.
The centaur warrior attacks as you move away!
The centaur warrior barely misses you.
The centaur warrior kicks you but does no damage.
The centaur warrior wields a +0 shortbow.
The centaur warrior shoots an arrow.
The arrow closely misses you.
The centaur warrior attacks as you move away!
The centaur warrior unwields a +0 shortbow.
The centaur warrior hits you. The centaur warrior kicks you.
The centaur warrior wields a +0 shortbow.
The centaur warrior shoots an arrow.
The arrow barely misses you.
The centaur warrior shoots an arrow.
The arrow misses you.
The centaur warrior shoots an arrow.
The arrow hits you!!
* * * LOW HITPOINT WARNING * * *
The centaur warrior shoots an arrow.
The arrow hits you!
* * * LOW HITPOINT WARNING * * *
The centaur warrior shoots an arrow.
The arrow hits you!!
You die...

##..### ##.....
..#.. #... #..##
#...# ####.<.#
#....#..#
########@#####.#
.........# .#
######..# # #.##
♣#c# .#B# ♣♣.#S#
♣..#c## ♣.♣#..#


You could see a boulder beetle, a centaur warrior, a water moccasin and a
centaur.

Vanquished Creatures
  Psyche (D:8)
  2 wyverns
  A wraith (D:9)
  2 ice beasts
  An ogre (D:4)
  A centaur (D:8)
  A phantom (D:7)
  A kobold brigand (D:9)
  9 bullfrogs
  3 scorpions (D:6)
  8 wights
  An electric eel (D:8)
  4 howler monkeys
  4 jellies
  Crazy Yiuf (D:2)
  3 orc priests (D:8)
  A gnoll bouda (D:5)
  2 iguanas
  3 iron imps (D:4)
  A sleepcap (D:8)
  5 orc wizards
  7 adders
  6 gnolls
  A white imp (D:5)
  3 dart slugs
  8 orcs
  4 bats
  9 endoplasms
  5 giant cockroaches
  5 goblins
  5 hobgoblins
  8 jackals
  6 kobolds
  A quokka (D:3)
  7 ball pythons
  6 frilled lizards
  6 rats
142 creatures vanquished.

Vanquished Creatures (others)
  A kobold (D:4)
  4 plants (D:8)
5 creatures vanquished.

Grand Total: 147 creatures vanquished

Notes
Turn   | Place    | Note
-------+----------+-------------------------------------------
     0 | D:1      | Kaboulah the Ogre Berserker began the quest for the Orb.
     0 | D:1      | Reached XP level 1. HP: 24/24 MP: 1/1
   294 | D:1      | Reached XP level 2. HP: 32/32 MP: 2/2
   790 | D:1      | Reached XP level 3. HP: 34/40 MP: 3/3
   851 | D:1      | Upgraded the game from 0.30-a0-1163-gf69bf04e7a to
                  | 0.30-a0-1164-ge08a67761e
  1212 | D:2      | Found a faded altar of an unknown god.
  1228 | D:2      | Reached ** piety under Trog
  1346 | D:2      | Identified the +0 ring mail "Votokkamm" {Will+}
  1563 | D:2      | Found a runed translucent door.
  1564 | D:2      | Noticed Crazy Yiuf
  1576 | D:2      | Killed Crazy Yiuf
  1577 | D:2      | Reached skill level 5 in Fighting
  1577 | D:2      | Reached XP level 4. HP: 50/50 MP: 0/4
  1655 | D:2      | Noticed Sigmund
  1987 | D:3      | Reached XP level 5. HP: 40/57 MP: 5/5
  2011 | D:3      | Reached skill level 1 in Staves
  2131 | D:4      | Found a shimmering altar of Xom.
  2185 | D:4      | Reached skill level 6 in Fighting
  2618 | D:4      | Found a burning altar of Makhleb.
  2630 | D:4      | Reached XP level 6. HP: 65/68 MP: 6/6
  2733 | D:4      | Reached skill level 7 in Fighting
  3160 | D:5      | Entered Level 5 of the Dungeon
  3162 | D:5      | Noticed a wyvern
  3168 | D:5      | Killed a wyvern
  3169 | D:5      | Reached XP level 7. HP: 79/79 MP: 7/7
  3316 | D:5      | Reached skill level 8 in Fighting
  3613 | D:5      | Found a glowing silver altar of Zin.
  4080 | D:6      | Reached XP level 8. HP: 91/91 MP: 8/8
  4143 | D:6      | Found an ornate altar of the Wu Jian Council.
  4175 | D:6      | Reached *** piety under Trog
  4186 | D:6      | Reached skill level 9 in Fighting
  4331 | D:6      | Reached skill level 5 in Dodging
  5403 | D:7      | Reached skill level 10 in Fighting
  5443 | D:7      | Found an ancient bone altar of Kikubaaqudgha.
  5443 | D:7      | Found a stormy altar of Qazlal.
  5445 | D:7      | Found a hazy altar of Hepliaklqana.
  5445 | D:7      | Found a hide-covered altar of Uskayaw.
  5720 | D:7      | Found a staircase to the Ecumenical Temple.
  5724 | Temple   | Entered the Ecumenical Temple
  5779 | D:7      | Found a sparkling altar of Nemelex Xobeh.
  6175 | D:7      | Reached skill level 5 in Staves
  6175 | D:7      | Reached XP level 9. HP: 96/102 MP: 9/9
  6548 | D:7      | Reached skill level 11 in Fighting
  6789 | D:8      | Noticed Gastronok
  6901 | D:8      | Found Luczigg's Armour Emporium.
  6915 | D:8      | Noticed Psyche
  7004 | D:8      | Killed Psyche
  7005 | D:8      | Reached skill level 12 in Fighting
  7363 | D:9      | Upgraded the game from 0.30-a0-1164-ge08a67761e to
                  | 0.31-a0-1-g4198be8af4
  7745 | D:9      | Noticed a hornet
  7746 | D:9      | Noticed a centaur warrior
  7759 | D:9      | Noticed a boulder beetle
  7767 | D:9      | Reached skill level 13 in Fighting
  7767 | D:9      | Reached XP level 10. HP: 69/119 MP: 10/10
  7772 | D:9      | Shot with an arrow by a centaur warrior

Illustrated notes

Levels and vault maps discovered:
D:1:      dpeg_arrival_round_b, layout_basic, minmay_misc_feat_tiny
D:2:      layout_basic, hellmonk_ecumenical_altar_run_dry, chequers_garden,
          serial_park_tiny_2, uniq_sigmund, uniq_crazy_yiuf_cottage
D:3:      layout_rooms
D:4:      layout_basic, demons_altar, nicolae_overflow_crystal_walls
D:5:      layout_loops_ring, zin_treasury
D:6:      layout_layer_cave, old_standard_altar, grunt_decor_clamped
D:7:      layout_basic, nemelex_altar_shiori, mainiacjoe_overflow_alcove_3,
          minmay_temple_entry_trees
D:8:      layout_basic, serial_shops,
          nicolae_shop_temple_entry_statues_fountains, serial_bayou_pond_b,
          uniq_psyche, uniq_gastronok
D:9:      nzn_winding_woodlands_small [nzn_winding_woodlands_5x15_cabin,
          nzn_winding_woodlands_center_triple_pond,
          nzn_winding_woodlands_5x15_twine], layout_cave_pods,
          dpeg_oklobed_lair, uniq_harold
Temple:   dshaligram_water_room_temple

Skill      XL: |  1  2  3  4  5  6  7  8  9 |
---------------+----------------------------+-----
Dodging        | 3 4 5 6 |  6.8
Fighting       | 5 6 7 8 10 13 | 13.0
Staves         | 1 2 3 5 6 |  6.4
Polearms       | |  3.9

Action                     |  1- 3 |  4- 6 |  7- 9 | 10-12 || total
---------------------------+-------+-------+-------+-------++-------
  Melee: Spear             |   101 |       |       |       ||   101
         Mace              |     3 |       |       |       ||     3
         Quarterstaff      |       |    92 |   225 |     2 ||   319
 Invoke: Berserk           |     1 |     1 |     2 |       ||     4
  Evoke: Wand              |       |       |     1 |       ||     1
    Use: Scroll            |       |       |     8 |       ||     8
         Potion            |       |       |     3 |       ||     3
   Stab: Sleeping          |     1 |     7 |     9 |       ||    17
 Armour: Animal skin       |    18 |    11 |    54 |       ||    83
         Robe              |       |       |     6 |     4 ||    10
  Dodge: Dodged            |    32 |    51 |   110 |     7 ||   200

Table legend: (Time is in decaauts)
 A = Elapsed time spent in this place.
 B = Non-inter-level travel time spent in this place.
 C = Inter-level travel time spent in this place.
 D = Time resting spent in this place.
 E = Time spent auto-exploring this place.
 F = Levels seen in this place.
 G = Mean time per level.
                   A        B        C        D        E       F      G
               +--------+--------+--------+--------+--------+-----+--------+
         Total |   7843 |   7803 |     40 |    793 |   3421 |  10 |  784.3 |
       Dungeon |   7831 |   7791 |     40 |    793 |   3421 |   9 |  870.1 |
        Temple |     11 |     11 |      0 |      0 |      0 |   1 |   11.0 |
               +--------+--------+--------+--------+--------+-----+--------+

Top non-repeatable levels by time:
     D:7: 1566 daAuts
     D:6: 1306 daAuts
     D:4: 1050 daAuts
     D:1: 979 daAuts
     D:5: 869 daAuts
     D:8: 839 daAuts
     D:2: 692 daAuts
     D:3: 454 daAuts
     D:9: 73 daAuts
  Temple: 11 daAuts
